 Dungeon Crawl Stone Soup version 0.28.0 (webtiles) character file.

Game seed: 2716897340711087321

99 reversiblehash the Skirmisher (level 4, 0/57 HPs)
             Began as a Demonspawn Berserker on Feb 19, 2022.
             Was a Believer of Trog.
             Slain by a black bear (2 damage)
             ... on level 4 of the Dungeon.
             The game lasted 00:04:01 (2914 turns).

reversiblehash the Skirmisher (DsBe)                Turns: 2914, Time: 00:04:02

Health: 0/57       AC: 10    Str: 19    XL:     4   Next: 45%
Magic:  4/4        EV:  8    Int:  9    God:    Trog [**....]
Gold:   130        SH:  0    Dex: 12    Spells: 3/3 levels left

rFire   . . .      SeeInvis .   a - +0 hand axe
rCold   . . .      Faith    .   (no shield)
rNeg    . . .      Spirit   .   j - +0 chain mail
rPois   .          Reflect  .   (helmet restricted)
rElec   .          Harm     .   (no cloak)
rCorr   .          Rampage  .   (no gloves)
Will    .....                   (no boots)
Stlth   ..........              (no amulet)
HPRegen 0.19/turn               (no ring)
MPRegen 0.09/turn               (no ring)

@: berserking, very quick
A: antennae 1, thin metallic scales 1
a: Renounce Religion, Berserk, Trog's Hand


You were on level 4 of the Dungeon.
You worshipped Trog.
Trog was pleased with you.
You visited 1 branch of the dungeon, and saw 4 of its levels.

You collected 130 gold pieces.

Inventory:

Hand Weapons
 a - a +0 hand axe (weapon)
Armour
 j - a +0 chain mail (worn)
Wands
 h - a wand of acid (10)
Scrolls
 c - 2 scrolls of identify
 i - a scroll of magic mapping
Potions
 e - 2 potions of curing
 f - a potion of flight {unknown}
 g - a potion of heal wounds {unknown}


   Skills:
 * Level 4.5 Fighting
 - Level 2.6 Axes
 * Level 2.3 Armour
 + Level 2.2 Dodging
 + Level 1.0 Stealth


You had 3 spell levels left.
You didn't know any spells.
Your spell library was empty.

Dungeon Overview and Level Annotations

Branches:
Dungeon (4/15)
 Temple: D:4-7

Altars:
Dithmenos


Innate Abilities, Weirdness & Mutations

You have a pair of small antennae on your head.
You are partially covered in thin metallic scales. (AC +2)


Message History

* * * LOW HITPOINT WARNING * * *
The black bear completely misses you.
The black bear claws you but does no damage.
You closely miss the black bear.
The black bear is moderately wounded.
The black bear closely misses you.
The black bear claws you but does no damage. x2
You barely miss the black bear.
The black bear is moderately wounded.
The black bear barely misses you.
The black bear claws you but does no damage. x2
You hit the black bear.
The black bear is heavily wounded.
The black bear barely misses you.
The black bear claws you but does no damage.
The black bear barely misses you.
You hit the black bear.
The black bear is severely wounded.
The black bear barely misses you.
The black bear claws you but does no damage.
The black bear closely misses you.
You hit the black bear but do no damage.
The black bear is severely wounded.
The black bear bites you but does no damage.
The black bear barely misses you. x2; The black bear bites you.
* * * LOW HITPOINT WARNING * * *
The black bear claws you but does no damage. x2
You hit the black bear.
The black bear is severely wounded.
The black bear goes berserk!
You hit the black bear.
The black bear is almost dead.
The black bear closely misses you. The black bear claws you.
* * * LOW HITPOINT WARNING * * *
The black bear claws you but does no damage.
The black bear barely misses you.
The black bear claws you but does no damage. x2
A red film seems to cover your vision as you go berserk!
You feel yourself moving faster!
You feel mighty! The black bear bites you.
You die...

.. # #.# #. #<## #.#
#..# ... #.# ###.###
##..# #$....###.#.##
#.†@h...(#
.........##.#.<##.###
###.#.#.####<........
.....# ##...#####
###.### ##.## #. .# #
.# .# ..


You could see a black bear (berserk).

Vanquished Creatures
  A hound (D:4)
  An adder (D:2)
  A worm (D:2)
  2 dart slugs
  5 bats
  9 endoplasms
  3 giant cockroaches
  8 hobgoblins
  2 jackals (D:3)
  A quokka (D:3)
  4 ball pythons
  2 frilled lizards
  4 goblins
  3 kobolds (D:3)
  A rat (D:1)
47 creatures vanquished.

Vanquished Creatures (others)
  A plant (D:4)
1 creature vanquished.

Grand Total: 48 creatures vanquished

Notes
Turn   | Place    | Note
-------+----------+-------------------------------------------
     0 | D:1      | reversiblehash the Demonspawn Berserker began the quest for
                  | the Orb.
     0 | D:1      | Reached XP level 1. HP: 18/18 MP: 1/1
   567 | D:1      | Gained mutation: You have a pair of small antennae on your
                  | head. [demonic ancestry]
   567 | D:1      | Reached XP level 2. HP: 23/24 MP: 2/2
   771 | D:1      | Found a faded altar of an unknown god.
  1323 | D:2      | Reached XP level 3. HP: 29/30 MP: 3/3
  1382 | D:2      | Reached skill level 4 in Fighting
  1843 | D:3      | Reached ** piety under Trog
  2131 | D:3      | Found a shadowy altar of Dithmenos.
  2636 | D:3      | Gained mutation: You are partially covered in thin metallic
                  | scales. (AC +2) [demonic ancestry]
  2636 | D:3      | Reached XP level 4. HP: 32/37 MP: 4/4
  2807 | D:4      | Reached skill level 1 in Stealth
  2895 | D:4      | Noticed a black bear
  2913 | D:4      | HP: 1/38 [black bear (2)]
  2914 | D:4      | Slain by a black bear

Illustrated notes

Levels and vault maps discovered:
D:1:      amcnicky_arrival_blooded_trapdoor, layout_basic,
          chequers_ecumenical_altar_simple
D:2:      layout_rooms
D:3:      layout_rooms, mainiacjoe_overflow_six_doors_small,
          kennysheep_minor_cross, nrook_loot_triangle
D:4:      layout_loops_ring, mainiacjoe_overflow_alcove_4, lemuel_tele_altar,
          nicolae_sif_muna_condensation, minmay_temple_entry_gardened_gates,
          serial_shops, shop_fountains

Skill      XL: |  1  2  3  4 |
---------------+-------------+-----
Armour         | 2 |  2.3
Dodging        | 2 |  2.2
Fighting       | 4 |  4.5
Stealth        | 1 |  1.0
Axes           | |  2.6

Action                   |  1- 3 |  4- 6 || total
-------------------------+-------+-------++-------
Melee: Hand axe          |   130 |    37 ||   167
Throw: Dart              |       |     2 ||     2
Invok: Berserk           |       |     1 ||     1
  Use: Scroll            |     5 |       ||     5
 Stab: Sleeping          |     3 |       ||     3
Armor: Animal skin       |    20 |     1 ||    21
       Chain mail        |       |    46 ||    46
Dodge: Dodged            |    88 |    22 ||   110
